 Dungeon Crawl Stone Soup version 0.31-a0-210-gccc998df9b (webtiles) character file.

Game seed: 15240196143653184142

83 qw the Chopper (level 4, -6/28 HPs)
             Began as a Gargoyle Fighter on June 29, 2023.
             Mangled by Menkaure (18 damage)
             ... on level 4 of the Dungeon.
             The game lasted 00:01:06 (2653 turns).

qw the Chopper (Gargoyle Fighter)                   Turns: 2653, Time: 00:01:06

Health: -6/28      AC: 11    Str: 22    XL:     4   Next: 44%
Magic:  4/4        EV: 14    Int:  8    God:
Gold:   91         SH:  4    Dex:  9    Spells: 3/3 levels left

rFire   . . .        Y - +0 war axe
rCold   . . .        c - +0 buckler
rNeg    + . .        b - +0 scale mail
rPois   inf          (no helmet)
rElec   +            g - +0 cloak
rCorr   .            (no gloves)
SInv    .            (no boots)
Will    .....        (no amulet) Stlth
                     k - +5 ring of evasion
HPRegen 0.24/turn    (no ring)
MPRegen 0.09/turn

%: no passive effects
@: no status effects
A: sickness immunity, AC +3, negative energy resistance 1, electricity
resistance, torment resistance 1, petrification resistance
a: no special abilities


You were on level 4 of the Dungeon.
You visited 1 branch of the dungeon, and saw 4 of its levels.

You collected 91 gold pieces.


Innate Abilities, Weirdness & Mutations

You are immune to sickness and miasma.
Your stone body is resilient. (AC +3)
You are immune to poison.
You resist negative energy. (rN+)
You are resistant to electric shocks. (rElec)
You are resistant to unholy torment.
You are immune to petrification.


   Skills:
 - Level 3.2 Fighting
 + Level 4.1 Axes
 - Level 3.2 Armour
 - Level 3.2 Shields


You had 3 spell levels left.
You didn't know any spells.
Your spell library was empty.

Inventory:

Hand Weapons
 j - a +0 whip
 Y - a +0 war axe (weapon)
Missiles
 n - 2 boomerangs (quivered)
Armour
 b - a +0 scale mail (worn)
 c - a +0 buckler (worn)
 g - a +0 cloak (worn)
Jewellery
 k - a +5 ring of evasion (left hand)
Scrolls
 a - a scroll of identify
 e - a scroll of vulnerability {unknown}
Potions
 d - 2 potions of might
 f - a potion of curing
 h - 2 potions of lignification
 i - a potion of heal wounds {unknown}
 l - a potion of enlightenment {unknown}
 m - a potion of cancellation {unknown}

Dungeon Overview and Level Annotations

Branches:
Dungeon (4/15)
 Temple: D:4-7

Altars:

Annotations:
D:4 Menkaure


Message History

The boomerang hits the endoplasm but does no damage.
The endoplasm is severely wounded.
You throw a boomerang.
The boomerang hits the endoplasm but does no damage.
The endoplasm is severely wounded.
You throw a boomerang. The boomerang hits the endoplasm.
You kill the endoplasm!
m - an emerald potion You hear the slow hiss of a very distant avalanche of sand.
Menkaure, Prince of Dust comes into view.
Found 12 gold pieces.
Menkaure shouts!
You hear a shout!
Menkaure gestures wildly while chanting.
Menkaure seems to speed up.
2643 ||| Stepping ~*~*~tactically~*~*~ (hiding).
You start waiting.
Menkaure is nearby!
2647 ||| Stepping ~*~*~tactically~*~*~ (hiding).
You start waiting.
Menkaure is nearby!
Menkaure calls on the powers of darkness!
Your body is wracked with pain!
You hear a shout!
Menkaure completely misses you.
A goblin comes into view. It is wielding a +0 dagger.
You hit Menkaure.
Menkaure is lightly damaged.
Menkaure hits you!
Menkaure calls on the powers of darkness!
Your body is wracked with pain!
You closely miss the goblin.
The goblin is moderately wounded.
You hit Menkaure. You block the goblin's attack. Menkaure closely misses you.
You closely miss the goblin.
The goblin is moderately wounded.
You hit Menkaure. Menkaure hits you!!
Ouch! That really hurt!
You die...

#. .....$. #. #...... #.
...... #. ..... #.
####... #. ....... #.
......M################.
#.@................
#g################# ...
....# ...... #....#
..... .#..#


You could see Menkaure (fast) and a goblin.

Vanquished Creatures
  An adder (D:2)
  3 worms (D:3)
  2 dart slugs (D:2)
  9 bats
  3 endoplasms
  4 giant cockroaches
  5 hobgoblins
  8 jackals (D:1)
  5 kobolds (D:1)
  3 ball pythons
  4 frilled lizards (D:1)
  3 goblins
  6 rats
56 creatures vanquished.

Notes
Turn   | Place    | Note
-------+----------+-------------------------------------------
     0 | D:1      | qw the Gargoyle Fighter began the quest for the Orb.
     0 | D:1      | Reached XP level 1. HP: 14/14 MP: 1/1
     0 | D:1      | 0 ||| qw: Version: 0.3-a-24-ga2abf7b
     0 | D:1      | 0 ||| qw: Game counter: 6829
     0 | D:1      | 0 ||| qw: Melee chars always use a shield: true
     0 | D:1      | 0 ||| qw: God list: Okawaru
     0 | D:1      | 0 ||| qw: Allow faded altars: false
     0 | D:1      | 0 ||| qw: Do Orc after clearing Dungeon:15 true
     0 | D:1      | 0 ||| qw: Do second Lair branch before Depths: true
     0 | D:1      | 0 ||| qw: Lair rune preference: random
     0 | D:1      | 0 ||| qw: Goals: Normal, Zot:1-4, Slime:5, God:TSO, Crypt,
                  | Tomb, Abyss, Pan, Hells, Win
     0 | D:1      | 0 ||| PLANNING D:1-11
    97 | D:1      | Reached skill level 2 in Axes
   174 | D:1      | Reached XP level 2. HP: 19/19 MP: 2/2
   191 | D:1      | 191 ||| Stepping ~*~*~tactically~*~*~ (stealth).
   321 | D:1      | Reached skill level 3 in Axes
   321 | D:1      | 321 ||| FLEEEEING.
   322 | D:1      | 322 ||| FLEEEEING.
   324 | D:1      | 324 ||| FLEEEEING.
   325 | D:1      | 325 ||| FLEEEEING.
   326 | D:1      | 326 ||| FLEEEEING.
   327 | D:1      | 327 ||| FLEEEEING.
   370 | D:1      | Reached XP level 3. HP: 23/23 MP: 3/3
   517 | D:1      | 517 ||| Stepping ~*~*~tactically~*~*~ (stealth).
   528 | D:1      | Found a faded altar of an unknown god.
   528 | D:1      | You fall into a shaft and drop 1 floor!
   620 | D:2      | 620 ||| Stepping ~*~*~tactically~*~*~ (hiding).
   630 | D:2      | 630 ||| UPGRADING to +0 cloak.
   635 | D:2      | 635 ||| UPGRADING to +5 ring of evasion.
   636 | D:2      | 636 ||| READING 2 scrolls labelled UZUOQU WIMP.
   637 | D:2      | 637 ||| READING scroll labelled SULAUM QOXYD.
   638 | D:2      | 638 ||| READING scroll labelled FITADUYVVO.
   639 | D:2      | 639 ||| READING scroll labelled YMASYMMIVIGI.
   640 | D:2      | 640 ||| READING scroll labelled HINKOATAUM.
   655 | D:2      | 655 ||| Stepping ~*~*~tactically~*~*~ (stealth).
   656 | D:2      | 656 ||| Stepping ~*~*~tactically~*~*~ (stealth).
   660 | D:2      | 660 ||| Stepping ~*~*~tactically~*~*~ (stealth).
   895 | D:1      | 895 ||| Stepping ~*~*~tactically~*~*~ (stealth).
   896 | D:1      | 896 ||| Stepping ~*~*~tactically~*~*~ (stealth).
   897 | D:1      | 897 ||| Stepping ~*~*~tactically~*~*~ (stealth).
  1096 | D:2      | Reached XP level 4. HP: 28/28 MP: 4/4
  1286 | D:2      | 1286 ||| Stepping ~*~*~tactically~*~*~ (hiding).
  1553 | D:2      | 1553 ||| READING scroll labelled TOASEA DUTUIZ.
  1554 | D:2      | 1554 ||| DRINKING 2 fizzy emerald potions.
  1597 | D:2      | 1597 ||| READING 2 scrolls of identify.
  1597 | D:2      | 1597 ||| IDENTIFYING bubbling blue potion
  1598 | D:2      | 1598 ||| DROPPING potion of degeneration.
  1659 | D:3      | Reached skill level 4 in Axes
  2552 | D:3      | 2552 ||| READING scroll labelled DITEIR FOIMOU.
  2553 | D:3      | 2553 ||| READING 2 scrolls of identify.
  2553 | D:3      | 2553 ||| IDENTIFYING silvery potion
  2578 | D:4      | 2578 ||| PLANNING OSSUARY
  2642 | D:4      | Noticed Menkaure
  2643 | D:4      | 2643 ||| Stepping ~*~*~tactically~*~*~ (hiding).
  2647 | D:4      | 2647 ||| Stepping ~*~*~tactically~*~*~ (hiding).
  2653 | D:4      | Mangled by Menkaure

Levels and vault maps discovered:
D:1:      minmay_arrival_doors, layout_basic, chequers_ecumenical_altar_lobes
D:2:      layout_loops_ring
D:3:      layout_basic, serial_co_window_serial, co_window_corner_a,
          co_window_paths_b, co_window_paths_b, co_window_corner_a,
          co_window_paths_b, co_window_broadway_b, co_window_corner_b,
          co_window_broadway_b, glass_columns_a, glass_columns_b,
          glass_columns_b, glass_columns_c, glass_columns_b
D:4:      layout_basic, nicolae_ossuary_entry_monument,
          minmay_misc_feat_more_columns, uniq_menkaure, uniq_pikel,
          uniq_eustachio

Skill      XL: |  1  2  3  4 |
---------------+-------------+-----
Axes           | 2 3 4 |  4.1
Fighting       | |  3.2
Armour         | |  3.2
Shields        | |  3.2

Action                     |  1- 3 |  4- 6 || total
---------------------------+-------+-------++-------
  Melee: War axe           |   137 |    23 ||   160
  Throw: Boomerang         |    30 |    31 ||    61
    Use: Scroll            |     5 |     4 ||     9
         Potion            |       |     1 ||     1
 Armour: Scale mail        |    88 |    12 ||   100
  Dodge: Dodged            |    70 |    12 ||    82
  Block: Buckler           |    33 |     2 ||    35

Table legend:
 A = Non-vault XP
 B = Vault XP
 C = Vault XP percentage of total XP
 D = Non-vault monster count
 E = Vault monster count
 F = Vault count percentage of total count
                 A         B        C        D         E       F
            +---------+---------+-------+---------+---------+-------
      Total |     119 |       0 |   0.0 |      56 |       0 |   0.0
            +---------+---------+-------+---------+---------+-------
        D:1 |      58 |       0 |   0.0 |      36 |       0 |   0.0
        D:2 |      40 |       0 |   0.0 |      14 |       0 |   0.0
        D:3 |      19 |       0 |   0.0 |       5 |       0 |   0.0
        D:4 |       2 |       0 |   0.0 |       1 |       0 |   0.0
            +---------+---------+-------+---------+---------+-------
